 Dungeon Crawl Stone Soup version 0.29-a0-1039-gfc20370e89 (webtiles) character file.

Game seed: 18360032488362320795

396 Ijustatesigmund the Magician (level 6, -2/32 HPs)
             Began as a Deep Elf Earth Elementalist on Aug 15, 2022.
             Slain by an ogre
             ... wielding a +0 giant spiked club
              (24 damage)
             ... on level 4 of the Dungeon.
             The game lasted 00:08:14 (4095 turns).

Ijustatesigmund the Magician (DEEE)                 Turns: 4095, Time: 00:08:16

Health: -2/32      AC:  5    Str:  5    XL:     6   Next: 52%
Magic:  14/17      EV: 12    Int: 22    God:
Gold:   138        SH:  0    Dex: 15    Spells: 12/18 levels left

rFire   . . .      SeeInvis .   c - +0 quarterstaff
rCold   . . .      Faith    .   (shield currently unavailable)
rNeg    . . .      Spirit   .   a - +0 robe
rPois   +          Reflect  .   i - +0 helmet
rElec   .          Harm     .   p - +0 cloak
rCorr   +          Rampage  .   u - +0 pair of gloves
Will    .....                   (no boots)
Stlth   ++........              (no amulet)
HPRegen 0.10/turn               h - ring of poison resistance
MPRegen 0.15/turn               j - ring of resist corrosion

@: no status effects
A: no striking features
a: no special abilities


You were on level 4 of the Dungeon.
You visited 1 branch of the dungeon, and saw 4 of its levels.

You collected 138 gold pieces.

Inventory:

Hand Weapons
 c - a +0 quarterstaff (weapon)
Armour
 a - a +0 robe (worn)
 e - the +1 leather armour of the Stars {rPois rN+++ Regen+ Int-2}
   (You found it on level 2 of the Dungeon)

   Int:       It affects your intelligence (-2).
   rPois:     It protects you from poison.
   rN:        It renders you almost immune to negative energy.
   Regen:     It increases your rate of health regeneration.
 i - a +0 helmet (worn)
 p - a +0 cloak (worn)
 u - a +0 pair of gloves (worn)
Jewellery
 h - a ring of poison resistance (left hand)
 j - a ring of resist corrosion (right hand)
 q - a +6 ring of strength
Wands
 w - a wand of charming (7)
Scrolls
 n - a scroll of enchant weapon
 v - a scroll of noise {unknown}
 x - a scroll of blinking {unknown}
Potions
 b - 3 potions of magic
 d - 3 potions of curing
 f - a potion of cancellation {unknown}
 g - a potion of mutation {unknown}
 k - a potion of flight {unknown}
 l - a potion of ambrosia {unknown}
 m - a potion of heal wounds {unknown}
 o - a potion of degeneration {unknown}
 r - a potion of might {unknown}
 s - a potion of haste {unknown}
 t - a potion of lignification {unknown}


   Skills:
 + Level 0.2 Fighting
 - Level 2.4 Dodging
 - Level 2.4 Stealth
 + Level 6.8 Spellcasting
 + Level 4.3 Conjurations
 - Level 1.1 Transmutations
 - Level 4.0 Earth Magic
 + Level 0.4 Evocations


You had 12 spell levels left.
You knew the following spells:

 Your Spells              Type           Power      Damage    Failure   Level
a - Sandblast             Erth           50%        2d12      1%          1
b - Stone Arrow           Conj/Erth      52%        3d10      4%          3
c - Passwall              Tmut/Erth      15%        N/A       4%          2

Your spell library contained the following spells:

 Spells                   Type           Power      Damage    Failure   Level
 Call Canine Familiar     Summ           7%         N/A       26%         3
 Portal Projectile        Hex/Tloc       14%        N/A       26%         3
 Petrify                  Tmut/Erth      18%        N/A       28%         4
 Leda's Liquefaction      Hex/Erth       8%         N/A       34%         4
 Iskenderun's Battlesphe  Conj           26%        2d8       36%         5
 Iron Shot                Conj/Erth      13%        9d3       92%         6
 Spellforged Servitor     Conj/Summ      8%         N/A       100%        7


Dungeon Overview and Level Annotations

Branches:
Dungeon (4/15)
 Temple: D:4-7

Altars:
Okawaru
Trog
Wu Jian
Xom
The Shining One

Annotations:
D:2 Robin


Message History

Aiming: Sandblast (safe; 1% risk of failure)
Press: ? - help, Shift-Dir - straight line, f - goblin
Aim: a goblin, wielding a +0 club (79% to hit)
The blast of sand hits the goblin.
You kill the goblin!
x - a scroll labelled WUKLOM MOKAL An ogre comes into view.
It is wielding a +0 giant spiked club.
Casting: Sandblast (safe; 1% risk of failure)
Confirm with . or Enter, or press ? or * to list all spells.
Aiming: Sandblast (safe; 1% risk of failure)
Press: ? - help, Shift-Dir - straight line, f - ogre
Aim: an ogre, wielding a +0 giant spiked club (asleep, 100% to hit)
The blast of sand hits the ogre!
The ogre is moderately wounded.
The ogre shouts!
Casting: Sandblast (safe; 1% risk of failure)
Confirm with . or Enter, or press ? or * to list all spells.
Aiming: Sandblast (safe; 1% risk of failure)
Press: ? - help, Shift-Dir - straight line, f/p - ogre
Aim: an ogre, wielding a +0 giant spiked club (moderately wounded, 92% to hit)
The blast of sand hits the ogre!
The ogre is severely wounded.
The ogre misses you.
Casting: Sandblast (safe; 1% risk of failure)
Confirm with . or Enter, or press ? or * to list all spells.
Aiming: Sandblast (safe; 1% risk of failure)
Press: ? - help, Shift-Dir - straight line, f/p - ogre
Aim: an ogre, wielding a +0 giant spiked club (severely wounded, 92% to hit)
The blast of sand misses the ogre.
The ogre hits you with a +0 giant spiked club!
Casting: Sandblast (safe; 1% risk of failure)
Confirm with . or Enter, or press ? or * to list all spells.
Aiming: Sandblast (safe; 1% risk of failure)
Press: ? - help, Shift-Dir - straight line, f/p - ogre
Aim: an ogre, wielding a +0 giant spiked club (severely wounded, 92% to hit)
The blast of sand hits the ogre!
The ogre is almost dead.
The ogre hits you with a +0 giant spiked club!!
Ouch! That really hurt!
You die...

..###.....##.............##
#..#......##............##
..........##............#
.#'#......##..........###
.#.#...................#
.#.# ............##.#..#
.#.# ...........#####..
##.# ...........## .## # .(
...##..@O# .. # _. #.#
###........# # ##
#.#.#..... # ##### #.. . .
. .#


You could see an ogre.

Vanquished Creatures
  An orc warrior (D:4)
  A jelly (D:4)
  An orc priest (D:4)
  Jessica (D:2)
  An orc wizard (D:3)
  9 adders
  An ufetubus (D:3)
  2 worms
  3 dart slugs
  13 orcs
  An endoplasm (D:3)
  6 giant cockroaches
  11 goblins
  3 hobgoblins
  6 kobolds
  A quokka (D:3)
  9 ball pythons
  7 bats
  2 frilled lizards
  6 rats
85 creatures vanquished.

Vanquished Creatures (others)
  A goblin (D:2)
1 creature vanquished.

Grand Total: 86 creatures vanquished

Notes
Turn   | Place    | Note
-------+----------+-------------------------------------------
     0 | D:1      | Ijustatesigmund the Deep Elf Earth Elementalist began the
                  | quest for the Orb.
     0 | D:1      | Reached XP level 1. HP: 10/10 MP: 6/6
   205 | D:1      | Reached XP level 2. HP: 15/15 MP: 3/8
   867 | D:1      | Found a faded altar of an unknown god.
   992 | D:2      | Reached skill level 4 in Spellcasting
   992 | D:2      | Reached XP level 3. HP: 19/19 MP: 6/10
   996 | D:2      | Learned a level 3 spell: Stone Arrow
   999 | D:2      | Learned a level 2 spell: Passwall
  1075 | D:2      | Identified the +1 robe "Anishr Gora" {Int+3 Dex+4}
  1149 | D:2      | Identified the +1 leather armour of the Stars {rPois rN+++
                  | Regen+ Int-2}
  1218 | D:2      | Reached skill level 1 in Conjurations
  1265 | D:2      | Noticed Robin
  1598 | D:2      | Reached XP level 4. HP: 21/24 MP: 6/12
  2313 | D:2      | Noticed Jessica
  2316 | D:2      | Killed Jessica
  2317 | D:2      | Reached skill level 5 in Spellcasting
  2506 | D:3      | Reached XP level 5. HP: 27/28 MP: 10/14
  2612 | D:3      | Found a shimmering altar of Xom.
  2940 | D:3      | Found an iron altar of Okawaru.
  2957 | D:3      | Found a bloodstained altar of Trog.
  3496 | D:4      | Noticed an orc warrior
  3512 | D:4      | Killed an orc warrior
  3513 | D:4      | Reached skill level 6 in Spellcasting
  3513 | D:4      | Reached XP level 6. HP: 23/32 MP: 10/17
  3856 | D:4      | Found a glowing golden altar of the Shining One.
  3984 | D:4      | Found an ornate altar of the Wu Jian Council.
  4095 | D:4      | Slain by an ogre

Illustrated notes

Levels and vault maps discovered:
D:1:      dpeg_arrival_prison, layout_rooms,
          shapermc_ecumenical_altar_mp_vishouse
D:2:      wad_pebble_path, layout_basic, minivault_26, uniq_robin, uniq_jessica
D:3:      layout_loops_ring, mainiacjoe_overflow_boulevard,
          mainiacjoe_overflow_small_starburst, lemuel_crystal_altar,
          dk_noncrumbling_3
D:4:      layout_cave_pools, mainiacjoe_overflow_surrounded_room,
          nicolae_tso_carved_into_rock

Skill      XL: |  1  2  3  4  5  6 |
---------------+-------------------+-----
Spellcasting   | 4 5 6 |  6.8
Earth Magic    | 4 |  4.0
Conjurations   | 1 2 3 4 |  4.3
Fighting       | |  0.2
Dodging        | |  2.4
Stealth        | |  2.4
Transmutations | |  1.1
Evocations     | |  0.4

Action                   |  1- 3 |  4- 6 || total
-------------------------+-------+-------++-------
Melee: Whip              |     3 |       ||     3
       Quarterstaff      |       |    20 ||    20
 Cast: Sandblast         |    49 |    54 ||   103
       Passwall          |     1 |       ||     1
       Stone Arrow       |       |    12 ||    12
  Use: Scroll            |     4 |       ||     4
       Potion            |     1 |       ||     1
 Stab: Sleeping          |     1 |       ||     1
Armor: Robe              |     6 |     8 ||    14
Dodge: Dodged            |    25 |    24 ||    49

Table legend: (Time is in decaauts)
 A = Elapsed time spent in this place.
 B = Non-inter-level travel time spent in this place.
 C = Inter-level travel time spent in this place.
 D = Time resting spent in this place.
 E = Time spent auto-exploring this place.
 F = Levels seen in this place.
 G = Mean time per level.
                   A        B        C        D        E       F      G
               +--------+--------+--------+--------+--------+-----+--------+
         Total |   4200 |   4109 |     91 |   1020 |   2517 |   4 | 1050.0 |
       Dungeon |   4200 |   4109 |     91 |   1020 |   2517 |   4 | 1050.0 |
               +--------+--------+--------+--------+--------+-----+--------+

Top non-repeatable levels by time:
     D:2: 1540 daAuts
     D:1: 992 daAuts
     D:3: 991 daAuts
     D:4: 675 daAuts
